 Dungeon Crawl Stone Soup version 0.28.0 (webtiles) character file.

Game seed: 3722257823682575952

403 Ayyar the Sneak (level 6, -7/42 HPs)
             Began as an Octopode Brigand on Apr 14, 2022.
             Was an Initiate of Dithmenos.
             Mangled by an orc warrior (22 damage)
             ... on level 3 of the Dungeon.
             The game lasted 00:07:28 (2874 turns).

Ayyar the Sneak (Octopode Brigand)                  Turns: 2874, Time: 00:07:28

Health: -7/42      AC:  1    Str: 10    XL:     6   Next: 86%
Magic:  6/6        EV: 14    Int: 14    God:    Dithmenos [......]
Gold:   65         SH:  0    Dex: 15    Spells: 5/5 levels left

rFire   . . .      SeeInvis .   a - +2 dagger
rCold   . . .      Faith    .   (no shield)
rNeg    . . .      Spirit   .   (helmet restricted)
rPois   .          Reflect  .   (no amulet)
rElec   .          Harm     .   (no ring)
rCorr   .          Rampage  .   (no ring)
Will    .....                   (no ring)
Stlth   ++++......              (no ring)
HPRegen 0.14/turn               (no ring)
MPRegen 0.10/turn               (no ring)
                                (no ring)
                                (no ring)

@: no status effects
A: almost no armour, amphibious, 8 rings, camouflage 1, gelatinous body 1,
(nimble swimmer 1), tentacles
a: Renounce Religion


You were on level 3 of the Dungeon.
You worshipped Dithmenos.
Dithmenos was noncommittal.
You visited 1 branch of the dungeon, and saw 3 of its levels.

You collected 65 gold pieces.

Inventory:

Hand Weapons
 a - a +2 dagger (weapon)
Missiles
 b - 6 poisoned darts (quivered)
Jewellery
 l - a ring of ice
Scrolls
 d - a scroll of fog {unknown}
 e - 4 scrolls of identify {unknown}
 h - 3 scrolls of immolation {unknown}
 i - a scroll of blinking {unknown}
 j - a scroll of vulnerability {unknown}
 m - a scroll of fear {unknown}
 n - a scroll of teleportation {unknown}
Potions
 f - a potion of degeneration {unknown}
 g - a potion of curing {unknown}
 k - a potion of flight {unknown}


   Skills:
 + Level 3.5 Fighting
 + Level 3.5 Short Blades
 + Level 3.5 Throwing
 + Level 3.0 Dodging
 + Level 6.9 Stealth


You had 5 spell levels left.
You didn't know any spells.
Your spell library contained the following spells:

 Spells                   Type           Power      Damage    Failure   Level
 Summon Small Mammal      Summ           0%         N/A       28%         1
 Call Canine Familiar     Summ           0%         N/A       65%         3
 Summon Guardian Golem    Hex/Summ       0%         N/A       65%         3


Dungeon Overview and Level Annotations

Branches:
Dungeon (3/15)

Altars:
Dithmenos


Innate Abilities, Weirdness & Mutations

You cannot wear most types of armour.
You are amphibious.
You can wear up to eight rings at the same time.
Your skin changes colour to match your surroundings (Stealth+).
Your rubbery body absorbs attacks. (AC +1, EV +1)
((You are camouflaged when in or above water. (Stealth+)))
You have tentacles for arms and can constrict up to eight enemies at once.


Message History

You squeeze the jackal, but do no damage.
The jackal is severely wounded.
You constrict the jackal. The jackal barely misses you.
You hit the jackal.
You kill the jackal!
Dithmenos accepts your kill.
You see here a jackal corpse.
You now have 65 gold pieces (gained 4).
You see here a +0 dagger.
Throw: dart (curare)
Press: ? - help, Shift-Dir - straight line, f - orc warrior
Aim: an orc warrior, wielding a +0 war axe, wearing a +0 chain mail, wearing a ring of magical power and quivering stones (wandering, hasn't noticed you, 57% to hit)
You throw a curare-tipped dart.
The curare-tipped dart hits the orc warrior.
The orc warrior is poisoned.
The orc warrior convulses.
The orc warrior seems to slow down.
The orc warrior shouts!
The orc warrior is moderately wounded.
The orc warrior throws a stone.
The stone closely misses you.
You hit the orc warrior. You grab the orc warrior.
The orc warrior is moderately wounded.
You constrict the orc warrior, but do no damage.
The orc warrior hits you with a +0 war axe!
You hit the orc warrior but do no damage.
The orc warrior is moderately wounded.
You constrict the orc warrior, but do no damage.
You hit the orc warrior. You squeeze the orc warrior.
The orc warrior is severely wounded.
You constrict the orc warrior.
The orc warrior hits you with a +0 war axe!
You hit the orc warrior but do no damage.
The orc warrior is severely wounded.
You constrict the orc warrior, but do no damage.
You hit the orc warrior but do no damage.
You squeeze the orc warrior.
The orc warrior is severely wounded.
You constrict the orc warrior.
The orc warrior hits you with a +0 war axe!!
Ouch! That really hurt!
You die...

....# #######...#..# #.# ....#
#....#....#..# #†# ....#
#.#.....#....#######†# ....#
#....#.##.#.###......# >...+
#....#>...#.# #.####.# ....#
.#.........#.# #.# #.# ....#
.............# #.# #.#
#..####.#.....)<.######.####.#
.............(.o@)....#....###
.#.#..................####.#
.........#..#...#..#.......#
.#.#....#....#.#...†#..#####
##.###################.#
[##.## ##.###...###.##.#
####.###.#.#.###...#.#.#
.####...###.## #####.#.#
#.##.#### ##.# ##.##.#


You could see an orc warrior (poisoned, slow).

Vanquished Creatures
  Sigmund (D:2)
  A wight (D:3)
  Crazy Yiuf (D:2)
  Natasha (twice) (D:2)
  A gnoll (D:3)
  5 adders
  2 worms
  5 orcs
  5 ball pythons
  5 endoplasms
  6 giant cockroaches
  3 goblins
  6 hobgoblins
  2 jackals (D:3)
  3 quokkas
  2 bats
  4 frilled lizards
  6 kobolds
  6 rats
66 creatures vanquished.

Notes
Turn   | Place    | Note
-------+----------+-------------------------------------------
     0 | D:1      | Ayyar the Octopode Brigand began the quest for the Orb.
     0 | D:1      | Reached XP level 1. HP: 14/14 MP: 1/1
   207 | D:1      | Reached XP level 2. HP: 19/19 MP: 2/2
   746 | D:2      | Found a faded altar of an unknown god.
   749 | D:2      | Reached XP level 3. HP: 25/25 MP: 3/3
  1058 | D:2      | Found a runed translucent door.
  1059 | D:2      | Noticed Crazy Yiuf
  1102 | D:2      | Reached XP level 4. HP: 30/30 MP: 4/4
  1554 | D:2      | Noticed Sigmund
  1562 | D:2      | Killed Sigmund
  1563 | D:2      | Reached skill level 6 in Stealth
  1563 | D:2      | Reached XP level 5. HP: 25/36 MP: 5/5
  1563 | D:2      | Reached XP level 6. HP: 29/42 MP: 6/6
  1736 | D:2      | Noticed Natasha
  1740 | D:2      | Killed Natasha
  1844 | D:2      | Noticed Natasha
  1853 | D:2      | Killed Natasha
  2011 | D:2      | Killed Crazy Yiuf
  2180 | D:3      | Found a shadowy altar of Dithmenos.
  2182 | D:3      | Noticed an orc warrior
  2479 | D:3      | Became a worshipper of Dithmenos the Shadowed
  2874 | D:3      | Mangled by an orc warrior

Illustrated notes

Levels and vault maps discovered:
D:1:      grunt_arrival_lava_bath, layout_rooms
D:2:      layout_loops_ring, basic_ecumenical_altar, uniq_natasha, uniq_sigmund,
          uniq_crazy_yiuf_cottage
D:3:      wad_river_or_something, layout_basic,
          grunt_dithmenos_smoke_and_mirrors, uniq_grinder

Skill      XL: |  1  2  3  4  5  6 |
---------------+-------------------+-----
Fighting       | 3 |  3.5
Short Blades   | 3 |  3.5
Throwing       | 3 |  3.5
Dodging        | 2 3 |  3.0
Stealth        | 6 |  6.9

Action                   |  1- 3 |  4- 6 || total
-------------------------+-------+-------++-------
Melee: Dagger            |    62 |    87 ||   149
       Constrict         |    11 |    20 ||    31
       Tentacles         |     7 |    18 ||    25
       Punch             |     1 |     2 ||     3
Throw: Dart              |     2 |     8 ||    10
  Use: Potion            |       |     1 ||     1
 Stab: Sleeping          |    14 |     8 ||    22
Armor: Skin              |     3 |     2 ||     5
Dodge: Dodged            |    27 |    37 ||    64
